 Dungeon Crawl Stone Soup version 0.30-a0-575-g6f4a10e2d2 (webtiles) character file.

Game seed: 2109372874251977865

12484 Ijustatesigmund the Cleaver (level 11, -5/101 HPs)
             Began as a Hill Orc Fighter on Dec 30, 2022.
             Was a High Priest of Okawaru.
             Killed from afar by a frost giant (51 damage)
             ... with a bolt of cold
             ... on level 11 of the Dungeon.
             The game lasted 00:12:22 (11273 turns).

Ijustatesigmund the Cleaver (Hill Orc Fighter)     Turns: 11273, Time: 00:12:23

Health: -5/101     AC: 21    Str: 24    XL:     11   Next: 94%
Magic:  20/20      EV:  5    Int:  8    God:    Okawaru [*****.]
Gold:   404        SH: 20    Dex: 13    Spells: 10/10 levels left

rFire   . . .      SeeInvis .    a - +4 war axe (spect)
rCold   . . .      Faith    .    c - +5 kite shield of the Original Sin {Harm rElec Dex+3 Slay+4}
rNeg    . . .      Spirit   .    b - +0 plate armour
rPois   .          Reflect  +    (no helmet)
rElec   +          Harm     +    r - +1 cloak
rCorr   .          Rampage  .    F - +0 pair of gloves
Will    .....                    J - +2 pair of boots {Fly}
Stlth   x                          - amulet of reflection
HPRegen 0.36/turn                (no ring)
MPRegen 0.17/turn                (no ring)

@: flying
A: no striking features
a: Renounce Religion, Heroism, Finesse, Duel


You were on level 11 of the Dungeon.
You worshipped Okawaru.
Okawaru was extremely pleased with you.
You visited 1 branch of the dungeon, and saw 11 of its levels.

You collected 683 gold pieces.
You spent 279 gold pieces at shops.

Inventory:

Hand Weapons
 a - a +4 spectral war axe (weapon)
Armour
 b - a +0 plate armour (worn)
 c - the +5 kite shield of the Original Sin (worn) {Harm rElec Dex+3 Slay+4}
   (Okawaru gifted it to you on level 10 of the Dungeon)

   Dex:       It affects your dexterity (+3).
   Slay:      It affects your accuracy & damage with ranged weapons and melee
   (+4).
   rElec:     It insulates you from electricity.
   Harm:      It increases damage dealt and taken.
 r - a +1 cloak (worn)
 C - +0 swamp dragon scales
 F - a +0 pair of gloves (worn)
 J - a +2 pair of boots of flying (worn)
Jewellery
 f - a ring of protection from fire
 x - an amulet of reflection (around neck)
 z - an amulet of regeneration
 E - a ring of fire
 G - a ring of willpower
Wands
 m - a wand of polymorph (14)
 o - a wand of flame (22)
 s - a wand of digging (13)
 y - a wand of iceblast (13)
Scrolls
 i - 3 scrolls of teleportation
 j - 2 scrolls of enchant armour
 p - a scroll of amnesia {unknown}
 v - 8 scrolls of identify
 w - a scroll of blinking
 B - a scroll of fog
 H - a scroll of silence {unknown}
 I - a scroll of poison
Potions
 d - 2 potions of might
 e - 3 potions of flight
 g - 2 potions of ambrosia
 h - a potion of resistance
 k - 4 potions of curing
 l - 2 potions of haste
 n - a potion of magic {unknown}
 q - 2 potions of berserk rage {unknown}
 t - a potion of lignification {unknown}
 u - 4 potions of cancellation {unknown}
 A - 2 potions of degeneration {unknown}
 D - a potion of brilliance {unknown}


   Skills:
 + Level 10.3 Fighting
 + Level 14.0 Axes
 - Level 8.6 Armour
 + Level 0.0 Dodging
 - Level 6.8 Shields
 + Level 12.4 Invocations


You had 10 spell levels left.
You didn't know any spells.
Your spell library contained the following spells:

 Spells                   Type           Power      Damage    Failure   Level
 Apportation              Tloc           0%         N/A       100%        1
 Magic Dart               Conj           0%         1d3       100%        1
 Necrotise                Necr           0%         1d4       100%        1
 Blink                    Tloc           0%         N/A       100%        2
 Cigotuvi's Dreadful Rot  Necr/Pois/Air  0%         N/A       100%        2
 Momentum Strike          Conj/Tloc      0%         3d8       100%        2
 Poisonous Vapours        Pois/Air       0%         N/A       100%        2
 Searing Ray              Conj           0%         2d4       100%        2
 Inner Flame              Hex/Fire       0%         N/A       100%        3
 Lesser Beckoning         Tloc           0%         N/A       100%        3
 Mephitic Cloud           Conj/Pois/Air  0%         N/A       100%        3
 Flame Wave               Conj/Fire      0%         2d4       100%        4
 Fulminant Prism          Conj/Hex       0%         3d5       100%        4
 Petrify                  Tmut/Erth      0%         N/A       100%        4
 Sticky Flame             Conj/Fire      0%         2d3       100%        4
 Metabolic Englaciation   Hex/Ice        0%         N/A       100%        5
 Statue Form              Tmut/Erth      0%         N/A       100%        6
 Summon Small Mammal      Summ           Unusable   N/A       N/A         1

Dungeon Overview and Level Annotations

Branches:
Dungeon (11/15)            Temple (0/1) D:7            Lair (0/5) D:9
    Orc (0/2) D:9

Altars:
Dithmenos
Gozag
Makhleb
Nemelex Xobeh
Okawaru
Qazlal
Ru
Uskayaw
Yredelemnul
Zin
Beogh

Shops:
D:4 *   D:5 ([   D:7 :   D:11 [


Message History

Your +4 spectral war axe hits the plant!
Your +4 spectral war axe hits the plant.
Your +4 spectral war axe hits the plant!
Your +4 spectral war axe hits the plant. x3
Your +4 spectral war axe hits the plant!
The frost giant points at you and mumbles some strange words.
The bolt of cold hits you!!!
Your +4 spectral war axe hits the plant! x3
You slice the frost giant!!
The frost giant is moderately wounded.
You slash the plant! You hit the plant.
Your +4 spectral war axe hits the plant! x3
The frost giant hits you with a +1 battleaxe of freezing.
The frost giant freezes you.
You are too injured to fight recklessly!
You are too injured to fight recklessly!
You are too injured to fight recklessly!
You are too injured to fight recklessly!
You are too injured to fight recklessly!
You are too injured to fight recklessly!
You are too injured to fight recklessly!
You are too injured to fight recklessly!
You are too injured to fight recklessly!
You are too injured to fight recklessly!
You are too injured to fight recklessly!
You are too injured to fight recklessly!
You are too injured to fight recklessly!
You are too injured to fight recklessly!
You are too injured to fight recklessly!
You barely miss the frost giant.
The frost giant is moderately wounded.
You slash the plant! x2
Your +4 spectral war axe hits the plant!
Your +4 spectral war axe hits the plant.
Your +4 spectral war axe hits the plant!
A nearby plant withers and dies.
The frost giant casts a spell at you. The bolt of cold hits you!!!
Ouch! That really hurt!
You die...

####..######..#######..#####..###
.................................
...........................).....
≈≈#######..................##..##
≈≈≈# #.########.##########..#
∩≈≈# #.# ♣♣.....♣♣ #..# .≈≈#
#.#♣♣♣♣..PPP..♣♣♣♣# #..# .~##
#.#......(~P......# #..#
.########.#♣♣♣♣.@PPP..♣♣♣♣###..##
..........# ♣♣.C...♣♣ #......
....####### ###.### #######
....#♣♣.♣♣ ♣♣♣♣♣♣♣.♣♣♣♣♣♣♣ ♣.♣♣#
....#♣.≈.♣#♣.............♣ ♣♣.♣#
....#.≈≈≈.#♣.♣♣♣♣♣♣♣♣♣♣♣.♣ ♣♣.♣♣#
....#.≈≈≈.#♣.♣.........♣.♣ ♣.♣♣♣#
....#.≈≈≈.#♣.♣.♣♣♣♣♣♣♣.♣.♣#♣...♣#
....#.≈~≈.#♣.♣.♣#####♣.♣.♣#.###.#


You could see a frost giant and a friendly +4 spectral war axe (summoned).

Vanquished Creatures
  3 two-headed ogres
  A tengu warrior (D:11)
  An ugly thing (Arena)
  A cyclops (D:11)
  Maggie (D:6)
  2 kobold demonologists (D:10)
  A komodo dragon (D:9)
  An unseen horror (D:10)
  4 trolls
  A hornet (D:8)
  4 wraiths
  3 wyverns
  2 yaks (D:11)
  A steam dragon (D:10)
  A water moccasin (D:7)
  An acid dragon (D:9)
  Duvessa (D:5)
  11 orc warriors
  2 ice beasts (D:7)
  A sky beast (D:7)
  2 phantoms (D:5)
  12 centaurs
  2 kobold brigands
  2 necrophages (D:7)
  3 bullfrogs
  3 scorpions
  3 wights (D:8)
  Dowan (D:5)
  16 killer bees
  2 howler monkeys
  3 jellies
  2 hounds (D:5)
  10 orc priests
  A gnoll bouda (D:6)
  Ijyb (D:3)
  Terence (D:3)
  2 iguanas
  17 orc wizards
  8 gnolls
  8 adders
  2 shadow imps (D:6)
  A white imp (D:7)
  4 worms
  3 dart slugs
  60 orcs
  6 bats
  8 endoplasms
  3 giant cockroaches
  11 goblins
  3 hobgoblins
  17 jackals
  2 quokkas
  4 ball pythons
  16 kobolds
  7 rats
289 creatures vanquished.

Vanquished Creatures (others)
  12 plants
12 creatures vanquished.

Grand Total: 301 creatures vanquished

Notes
Turn   | Place    | Note
-------+----------+-------------------------------------------
     0 | D:1      | Ijustatesigmund the Hill Orc Fighter began the quest for
                  | the Orb.
     0 | D:1      | Reached XP level 1. HP: 19/19 MP: 1/1
    56 | D:1      | Reached skill level 3 in Axes
    92 | D:1      | Reached XP level 2. HP: 23/27 MP: 2/2
   358 | D:1      | Reached XP level 3. HP: 32/34 MP: 3/3
   648 | D:2      | Reached skill level 4 in Axes
  1014 | D:2      | You fall into a shaft and drop 1 floor!
  1765 | D:3      | Reached XP level 4. HP: 41/41 MP: 4/4
  1830 | D:3      | Reached skill level 5 in Fighting
  1887 | D:3      | Found a glowing silver altar of Zin.
  1888 | D:3      | Found a hide-covered altar of Uskayaw.
  1892 | D:3      | Found a basalt altar of Yredelemnul.
  2129 | D:3      | Noticed Ijyb
  2145 | D:3      | Killed Ijyb
  2146 | D:3      | Reached skill level 5 in Axes
  2146 | D:3      | Reached XP level 5. HP: 41/48 MP: 5/5
  2270 | D:3      | Noticed Terence
  2275 | D:3      | Killed Terence
  2388 | D:3      | Identified the +0 robe of Vexation {*Corrode rN+ Slay+3
                  | SInv}
  2427 | D:3      | Found an iron altar of Okawaru.
  2438 | D:3      | Became a worshipper of Warmaster Okawaru
  2822 | D:4      | Found Qikkez's Gadget Gallery.
  2910 | D:4      | Noticed a centaur
  2919 | D:4      | Killed a centaur
  2920 | D:4      | Reached XP level 6. HP: 39/57 MP: 6/6
  3033 | D:4      | Reached skill level 6 in Axes
  3255 | D:4      | Found a sacrificial altar of Ru.
  3484 | D:5      | Entered Level 5 of the Dungeon
  3498 | D:5      | Reached * piety under Okawaru
  3499 | D:5      | Reached XP level 7. HP: 58/64 MP: 7/7
  3721 | D:5      | Noticed Duvessa
  3721 | D:5      | Noticed Dowan
  3729 | D:5      | Killed Duvessa
  3730 | D:5      | Reached skill level 7 in Axes
  3730 | D:5      | Reached skill level 1 in Invocations
  3737 | D:5      | Killed Dowan
  3738 | D:5      | Reached skill level 5 in Armour
  3780 | D:5      | Found Durgho Puka's Armour Shoppe.
  3899 | D:5      | Found Aruiluss's Antique Weapon Boutique.
  4561 | D:6      | Reached XP level 8. HP: 44/73 MP: 8/10
  4713 | D:6      | Reached ** piety under Okawaru
  4825 | D:6      | Noticed Maggie
  4833 | D:6      | Killed Maggie
  4834 | D:6      | Reached skill level 8 in Axes
  5185 | D:7      | Reached skill level 5 in Invocations
  5188 | D:7      | Reached *** piety under Okawaru
  5201 | D:7      | Reached skill level 9 in Axes
  5201 | D:7      | Reached XP level 9. HP: 49/81 MP: 11/13
  5566 | D:7      | Found a shadowy altar of Dithmenos.
  5870 | D:7      | Reached skill level 10 in Axes
  5892 | D:7      | Reached **** piety under Okawaru
  5910 | D:7      | Found a staircase to the Ecumenical Temple.
  5916 | D:7      | Reached skill level 11 in Axes
  6014 | D:7      | Found Roffuv's Book Shop.
  6562 | D:8      | Found a stormy altar of Qazlal.
  6615 | D:8      | Noticed a two-headed ogre
  6619 | D:8      | Killed a two-headed ogre
  6620 | D:8      | Reached skill level 12 in Axes
  6620 | D:8      | Reached skill level 10 in Invocations
  6620 | D:8      | Reached XP level 10. HP: 67/88 MP: 15/17
  6699 | D:8      | Paralysed by a hornet for 1 turns
  6704 | D:8      | Paralysed by a hornet for 1 turns
  6901 | D:8      | Found an opulent altar of Gozag.
  7231 | D:8      | Reached ***** piety under Okawaru
  8075 | D:9      | Found a staircase to the Lair.
  8096 | D:9      | Received a gift from Okawaru
  8238 | D:9      | Found a sparkling altar of Nemelex Xobeh.
  8284 | D:9      | Found a roughly hewn altar of Beogh.
  8285 | D:9      | Found a staircase to the Orcish Mines.
  8577 | D:9      | Reached skill level 13 in Axes
  8733 | D:9      | Reached XP level 11. HP: 80/97 MP: 19/19
  9008 | D:9      | Reached skill level 5 in Shields
  9111 | D:10     | Entered Level 10 of the Dungeon
  9518 | D:10     | Found a burning altar of Makhleb.
  9604 | D:10     | Identified the +1 robe of a sewer {Harm Str+2 Int+3 Dex+3}
  9712 | D:10     | Identified the +5 kite shield of the Original Sin {Harm
                  | rElec Dex+3 Slay+4} (Okawaru gifted it to you on level 10
                  | of the Dungeon)
  9712 | D:10     | Received a gift from Okawaru
 10252 | D:11     | Noticed a cyclops
 10260 | D:11     | Killed a cyclops
 10407 | D:11     | Noticed a two-headed ogre
 10411 | D:11     | Killed a two-headed ogre
 10543 | D:11     | Noticed a tengu warrior
 10556 | D:11     | Noticed a cyan ugly thing
 10559 | D:11     | Killed a tengu warrior
 10564 | D:11     | Reached skill level 10 in Fighting
 10570 | Arena    | Entered the Arena
 10573 | Arena    | Killed a cyan ugly thing
 10806 | D:11     | Noticed a flayed ghost
 10806 | D:11     | Noticed a frost giant
 10809 | D:11     | Noticed a two-headed ogre
 10813 | D:11     | Killed a two-headed ogre
 10819 | D:11     | Reached skill level 14 in Axes
 11229 | D:11     | Found Aprot's Armour Boutique.
 11235 | D:11     | Bought a +2 pair of boots of flying for 279 gold pieces
 11273 | D:11     | Killed from afar by a frost giant

Illustrated notes

Levels and vault maps discovered:
D:1:      mrwooster_arrival_statue_2, layout_rooms,
          nicolae_concentric_dashed_squares_wild, minmay_tetromino_t4
D:2:      layout_basic
D:3:      layout_basic, kennysheep_okawaru_gauntlet, grunt_temple_overflow_open,
          corexii_shack, minivault_19, uniq_ijyb, uniq_terence
D:4:      layout_rooms, mainiacjoe_overflow_six_doors_small,
          nicolae_shop_gadgets
D:5:      layout_basic, serial_shops, nicolae_shop_overgrown_old_shop,
          nicolae_shop_statue_plus, serial_corexii_hall, corexii_hall_statues_i,
          chequers_hall_statues_wall_a, uniq_duvessa
D:6:      layout_rooms, uniq_maggie
D:7:      layout_basic, marbit_many_paths, minmay_temple_entry_slanted,
          enter_bailey_5, serial_shops, nicolae_stop_n_shop_2,
          kennysheep_opposing_triangles
D:8:      layout_basic, nicolae_qazlal_general_emergency,
          grunt_gozag_breadcrumbs, minmay_misc_feat_five, minmay_misc_feat_chi,
          corner_web_ring
D:9:      layout_gridville, nemelex_spade_bored_becter, david_lair_shrubbed,
          david_orc_5, minivault_23, minivault_25
D:10:     layout_loops_corners, bloody_makhleb
D:11:     nzn_winding_woodlands_cross [nzn_winding_woodlands_5x15_longhouse,
          nzn_winding_woodlands_5x15_river_crossing,
          nzn_winding_woodlands_5x15_cabin, nzn_winding_woodlands_5x15_garden,
          nzn_winding_woodlands_15x15_boxy_spiral], layout_small_grid,
          serial_shops, nicolae_shop_waterfront, nicolae_titane, uniq_erolcha

Skill      XL: |  1  2  3  4  5  6  7  8  9 10 11 |
---------------+----------------------------------+-----
Axes           | 3 4 5 6 7 9 12 13 14 | 14.0
Fighting       | 4 5 6 7 8 9 10 | 10.3
Armour         | 4 5 6 7 8 |  8.6
Invocations    | 2 5 10 11 12 | 12.4
Shields        | 4 6 |  6.8

Action                   |  1- 3 |  4- 6 |  7- 9 | 10-12 || total
-------------------------+-------+-------+-------+-------++-------
Melee: War axe           |   116 |   126 |   232 |   264 ||   738
Invok: Heroism           |       |       |     1 |     2 ||     3
       Finesse           |       |       |       |     1 ||     1
       Duel              |       |       |       |     1 ||     1
Evoke: Wand              |       |       |       |     2 ||     2
  Use: Scroll            |       |    11 |     7 |     3 ||    21
       Potion            |       |       |       |     2 ||     2
 Stab: Distracted        |       |       |     2 |       ||     2
Armor: Scale mail        |    20 |       |       |       ||    20
       Chain mail        |    34 |       |       |       ||    34
       Plate armour      |    22 |    91 |   102 |   115 ||   330
Dodge: Dodged            |    49 |    32 |    46 |    51 ||   178
Block: Buckler           |    30 |    37 |    95 |    71 ||   233
       Reflection        |       |       |     5 |    26 ||    31
       Kite shield       |       |       |       |    75 ||    75

Table legend: (Time is in decaauts)
 A = Elapsed time spent in this place.
 B = Non-inter-level travel time spent in this place.
 C = Inter-level travel time spent in this place.
 D = Time resting spent in this place.
 E = Time spent auto-exploring this place.
 F = Levels seen in this place.
 G = Mean time per level.
                   A        B        C        D        E       F      G
               +--------+--------+--------+--------+--------+-----+--------+
         Total |  11353 |  10995 |    358 |    755 |   8509 |  12 |  946.1 |
       Dungeon |  11331 |  10973 |    358 |    736 |   8509 |  11 | 1030.1 |
         Arena |     22 |     22 |      0 |     19 |      0 |   1 |   22.0 |
               +--------+--------+--------+--------+--------+-----+--------+

Top non-repeatable levels by time:
     D:7: 1462 daAuts
     D:8: 1434 daAuts
     D:2: 1129 daAuts
    D:10: 1120 daAuts
     D:9: 1101 daAuts
     D:5: 1052 daAuts
    D:11: 1007 daAuts
     D:3: 1005 daAuts
     D:4: 823 daAuts
     D:1: 601 daAuts
     D:6: 591 daAuts
   Arena: 22 daAuts
